 Dungeon Crawl Stone Soup version 0.19.0-18-g426998a (webtiles) character file.

123 JeffiDaFish the Shield-Bearer (level 5, 0/33 HPs)
             Began as a Gargoyle Fighter on Nov 11, 2016.
             Slain by a hippogriff (2 damage)
             ... on level 3 of the Dungeon.
             The game lasted 00:03:52 (1801 turns).

JeffiDaFish the Shield-Bearer (Gargoyle Fighter)    Turns: 1801, Time: 00:03:53

Health: 0/33       AC: 11    Str: 25    XL:     5   Next: 7%
Magic:  5/5        EV:  7    Int:  9    God:
Gold:   104        SH: 11    Dex:  9    Spells: 0 memorised, 4 levels left

rFire  . . .     SeeInvis .     a - +2 flail
rCold  . . .     Gourm    .     b - +0 scale mail
rNeg   + . .     Faith    .     c - +1 shield
rPois  ∞         Spirit   .     (no helmet)
rElec  +         Reflect  .     (no cloak)
rCorr  .         Harm     .     (no gloves)
MR     .....                    (no boots)
Stlth  ..........               (no amulet)
                                (no ring)
                                e - ring of flight

@: mighty
A: negative energy resistance 1, electricity resistance, unbreathing,
petrification resistance, rot immunity, AC +4
a: Evoke Flight


You were on level 3 of the Dungeon.
You were not hungry.

You visited 1 branch of the dungeon, and saw 3 of its levels.

You collected 104 gold pieces.

Inventory:

Hand Weapons
 a - a +2 flail (weapon)
Armour
 b - a +0 scale mail (worn)
 c - a +1 shield (worn)
Jewellery
 e - a ring of flight (left hand)
Potions
 h - a potion of haste
Comestibles
 f - a bread ration
 g - 3 chunks of flesh


   Skills:
 + Level 3.7 Fighting
 + Level 3.2 Maces & Flails
 + Level 4.0 Armour
 + Level 0.2 Dodging
 + Level 0.5 Stealth
 + Level 4.3 Shields


You had 4 spell levels left.
You didn't know any spells.

Dungeon Overview and Level Annotations

Branches:
Dungeon (3/15)

Altars:
Qazlal


Innate Abilities, Weirdness & Mutations

You are resistant to torment.
Your stone body is resilient. (AC +4)
You are immune to poison.
You resist negative energy. (rN+)
You are resistant to electric shocks. (rElec)
You can survive without breathing.
You are immune to petrification.
You are immune to rotting.


Message History

The hippogriff bites you but does no damage.
The hippogriff pecks you. You block the hippogriff's attack.
You completely miss the hippogriff.
The hippogriff is lightly wounded.
The hippogriff bites you.
The hippogriff pecks you but does no damage.
The hippogriff claws you.
* * * LOW HITPOINT WARNING * * *
You block the rat's attack. The hippogriff bites you!
* * * LOW HITPOINT WARNING * * *
You block the hippogriff's attack. The hippogriff closely misses you.
You feel very mighty all of a sudden. You block the rat's attack.
The hippogriff bites you but does no damage.
You block the hippogriff's attack.
The hippogriff claws you but does no damage.
You sock the rat!
You kill the rat!
The hippogriff bites you.
You die...

PPP...P.P........P.
♣♣♣P.P♣♣♣..P♣♣♣P..♣ .. ♣
♣...♣ ♣..P♣ ♣P.P♣ P.# ♣
♣P..♣♣♣...♣♣♣...♣♣♣..#
P....P.P.P.PP.P..PP....#
.........[..............
......P.......P...P..P..
♣♣♣...♣♣♣...♣♣♣PHP♣♣♣...
♣ ... ♣P.P♣ ♣.@.♣ .. ♣
P..♣♣♣P..♣♣♣...♣♣♣. .
....PPP.P.P.P.....P.
....................
P..P....P.....P.PP...
...♣♣♣...♣♣♣P..♣♣♣...
... ♣..P♣ ♣P..♣ ... .h
♣..P♣ ♣..P♣ ..


PP.... .P.... You could see a hippogriff.

Vanquished Creatures
  Terence (D:2)
  Ijyb (D:2)
  2 adders (D:2)
  2 worms (D:2)
  A dart slug (D:2)
  2 leopard geckos (D:1)
  A ball python (D:1)
  A giant cockroach (D:2)
  5 goblins
  7 hobgoblins
  3 jackals (D:3)
  5 bats
  4 frilled lizards
  A kobold (D:1)
  11 rats
47 creatures vanquished.

Notes
Turn   | Place    | Note
-------+----------+-------------------------------------------
     0 | D:1      | JeffiDaFish the Gargoyle Fighter began the quest for the Orb.
     0 | D:1      | Reached XP level 1. HP: 14/14 MP: 1/1
   224 | D:1      | Reached XP level 2. HP: 15/19 MP: 2/2
   791 | D:2      | Found a stormy altar of Qazlal.
   858 | D:2      | Reached XP level 3. HP: 23/23 MP: 3/3
  1317 | D:2      | Reached XP level 4. HP: 28/28 MP: 4/4
  1322 | D:2      | Noticed Terence
  1337 | D:2      | Killed Terence
  1384 | D:2      | Noticed Ijyb
  1399 | D:2      | Killed Ijyb
  1704 | D:3      | Reached XP level 5. HP: 33/33 MP: 5/5
  1788 | D:3      | Noticed a hippogriff
  1801 | D:3      | Slain by a hippogriff

Skill      XL: |  1  2  3  4 |
---------------+-------------+-----
Shields        | 4 |  4.3
Maces & Flails | 3 |  3.2
Armour         | 4 |  4.0
Fighting       | |  3.7
Dodging        | |  0.2
Stealth        | |  0.5

Action                   |  1- 3 |  4- 6 || total
-------------------------+-------+-------++-------
Melee: Flail             |    88 |    74 ||   162
  Use: Scroll            |     7 |       ||     7
       Potion            |     4 |     1 ||     5
  Eat: Chunk             |     2 |     1 ||     3
Armor: Scale mail        |    32 |    61 ||    93
Dodge: Dodged            |    25 |    16 ||    41
Block: Shield            |    39 |    53 ||    92
